[ AOE2 MATCH · #481585986 ]
UnrankedLithuanians vs Macedonians
[ REPLAY ANALYSIS · EXTRACTED FROM THE RECORDED GAME ]
Feudal
13:52
Castle
19:30
Imperial
31:09
| APM avg | 11.3 |
| APM peak | 38 |
| eAPM avg | 8.0 |
| Villagers / military | 156 / 461 |
Focus
⚔️ 27.0% · 🌾 73.0%
Scout Cavalry ×385 · Spearman ×65 · Trade Cart ×31 · Knight ×10 · Monk ×1
Feudal
11:03
Castle
17:51
Imperial
35:32
| APM avg | 10.8 |
| APM peak | 54 |
| eAPM avg | 8.5 |
| Villagers / military | 131 / 349 |
Focus
⚔️ 36.1% · 🌾 63.9%
Knight ×330 · Trade Cart ×30 · Unknown (2382) ×30 · Battering Ram ×15 · Monk ×4 · Unknown (2384) ×1
Feudal
—
Castle
—
Imperial
—
| APM avg | 4.3 |
| APM peak | 19 |
| eAPM avg | 3.3 |
| Villagers / military | 80 / 12 |
Focus
⚔️ 21.5% · 🌾 78.5%
Knight ×8 · Trade Cart ×7 · Bombard Cannon ×4
Feudal
12:43
Castle
17:00
Imperial
34:10
| APM avg | 10.8 |
| APM peak | 38 |
| eAPM avg | 7.7 |
| Villagers / military | 86 / 761 |
Focus
⚔️ 51.4% · 🌾 48.6%
Spearman ×569 · Chu Ko Nu ×184 · Trade Cart ×15 · Battering Ram ×7 · Trebuchet (Packed) ×1
Feudal
11:50
Castle
21:24
Imperial
33:05
| APM avg | 23.0 |
| APM peak | 137 |
| eAPM avg | 17.4 |
| Villagers / military | 68 / 293 |
Focus
⚔️ 50.2% · 🌾 49.8%
Samurai ×189 · Hand Cannoneer ×49 · Knight ×47 · Trade Cart ×17 · Trebuchet (Packed) ×6 · Scorpion ×1
Feudal
12:50
Castle
27:42
Imperial
40:08
| APM avg | 12.5 |
| APM peak | 43 |
| eAPM avg | 7.9 |
| Villagers / military | 64 / 229 |
Focus
⚔️ 50.5% · 🌾 49.5%
Militia ×59 · Spearman ×42 · Archer ×41 · Skirmisher ×31 · Knight ×23 · Trebuchet (Packed) ×10
Feudal
12:16
Castle
22:47
Imperial
38:22
| APM avg | 11.0 |
| APM peak | 70 |
| eAPM avg | 5.7 |
| Villagers / military | 102 / 39 |
Focus
⚔️ 14.1% · 🌾 85.9%
Camel Scout ×32 · Trade Cart ×5 · Armored Elephant ×5 · Monk ×2
Feudal
9:42
Castle
22:40
Imperial
33:45
| APM avg | 11.0 |
| APM peak | 29 |
| eAPM avg | 7.0 |
| Villagers / military | 106 / 361 |
Focus
⚔️ 37.5% · 🌾 62.5%
Camel Scout ×150 · Chakram Thrower ×72 · Shrivamsha Rider ×71 · Armored Elephant ×25 · Elephant Archer ×20 · Trade Cart ×13
Match map
Initial resources + every placement click. Lines = walls · curves = elevation contours. ◆ gold · ⬟ stone · ● berries · ✦ relic · ◌ wall gap
Your base· Open — unwalled flank
Sithis's base· Open — unwalled flank
Player349544673's base· Open — unwalled flank
DerBarra's base· Open — unwalled flank
SeseRex's base· Open — unwalled flank
kaspian's base· Open — unwalled flank
kairozedu's base· Open — unwalled flank
M3tr0d0r117s's base· Open — unwalled flank
Smoothed initial terrain · ◌ = detected wall gap · hover for details
Inputs per minute
— TEJA - - Sithis
Build order — TEJA
First 150 of 501 actions detected
| 0:01 | Research | Loom |
| 0:03 | Create | Villager (Male) |
| 0:03 | Create | Villager (Male) |
| 0:03 | Create | Villager (Male) |
| 0:04 | Create | Villager (Male) |
| 0:04 | Create | Villager (Male) |
| 0:04 | Create | Villager (Male) |
| 0:11 | Build | House |
| 0:18 | Build | House |
| 1:18 | Build | House |
| 2:01 | Create | Villager (Male) |
| 2:01 | Create | Villager (Male) |
| 2:31 | Create | Villager (Male) |
| 2:31 | Create | Villager (Male) |
| 2:49 | Create | Villager (Male) |
| 2:50 | Create | Villager (Male) |
| 3:37 | Create | Villager (Male) |
| 3:54 | Create | Villager (Male) |
| 3:54 | Create | Villager (Male) |
| 4:28 | Create | Villager (Male) |
| 4:29 | Create | Villager (Male) |
| 4:29 | Create | Villager (Male) |
| 5:03 | Create | Villager (Male) |
| 5:04 | Create | Villager (Male) |
| 5:04 | Create | Villager (Male) |
| 5:04 | Create | Villager (Male) |
| 5:29 | Create | Villager (Male) |
| 5:29 | Create | Villager (Male) |
| 5:30 | Create | Villager (Male) |
| 5:38 | Build | House |
| 5:40 | Build | House |
| 5:44 | Create | Villager (Male) |
| 5:44 | Create | Villager (Male) |
| 6:12 | Build | Mill |
| 6:30 | Create | Villager (Male) |
| 6:30 | Create | Villager (Male) |
| 6:30 | Create | Villager (Male) |
| 6:31 | Create | Villager (Male) |
| 6:31 | Create | Villager (Male) |
| 7:02 | Build | Mill |
| 7:27 | Create | Villager (Male) |
| 8:54 | Create | Villager (Male) |
| 9:21 | Build | Lumber Camp |
| 9:44 | Build | House |
| 9:47 | Build | House |
| 10:34 | Create | Villager (Male) |
| 10:35 | Create | Villager (Male) |
| 10:37 | Research | Feudal Age |
| 11:10 | Build | Farm |
| 11:11 | Build | Farm |
| 11:12 | Build | Farm |
| 11:13 | Build | Farm |
| 11:25 | Create | Villager (Male) |
| 11:37 | Build | Farm |
| 11:38 | Build | Farm |
| 12:09 | Build | Mining Camp |
| 12:20 | Build | Mining Camp |
| 12:44 | Build | Farm |
| 12:46 | Build | Farm |
| 12:54 | Build | Farm |
| 13:00 | Build | Farm |
| 13:02 | Build | Farm |
| 13:04 | Build | Farm |
| 13:52 | Age | Feudal Age |
| 13:55 | Create | Villager (Male) |
| 13:55 | Create | Villager (Male) |
| 13:56 | Create | Villager (Male) |
| 13:56 | Create | Villager (Male) |
| 13:57 | Create | Villager (Male) |
| 13:57 | Create | Villager (Male) |
| 13:57 | Create | Villager (Male) |
| 14:17 | Build | Market |
| 14:22 | Build | Blacksmith |
| 14:51 | Create | Villager (Male) |
| 14:52 | Create | Villager (Male) |
| 15:00 | Research | Double-Bit Axe |
| 15:03 | Research | Stone Mining |
| 15:06 | Research | Horse Collar |
| 15:41 | Build | Lumber Camp |
| 16:10 | Build | House |
| 16:11 | Build | House |
| 16:13 | Build | House |
| 16:15 | Build | House |
| 16:33 | Research | Castle Age |
| 18:30 | Build | Farm |
| 18:32 | Build | Farm |
| 18:36 | Build | Farm |
| 18:38 | Build | Farm |
| 18:40 | Build | Farm |
| 19:02 | Build | Market |
| 19:20 | Create | Villager (Male) |
| 19:20 | Create | Villager (Male) |
| 19:21 | Create | Villager (Male) |
| 19:21 | Create | Villager (Male) |
| 19:21 | Create | Villager (Male) |
| 19:21 | Create | Villager (Male) |
| 19:30 | Age | Castle Age |
| 19:40 | Build | Mining Camp |
| 19:42 | Create | Villager (Male) |
| 19:42 | Create | Villager (Male) |
| 20:13 | Build | Castle |
| 20:19 | Create | Villager (Male) |
| 20:41 | Build | Town Center |
| 20:48 | Research | Bow Saw |
| 20:51 | Research | Gold Mining |
| 20:57 | Research | Heavy Plow |
| 21:43 | Build | Lumber Camp |
| 21:54 | Build | Barracks |
| 22:04 | Create | Villager (Male) |
| 22:04 | Create | Villager (Male) |
| 22:04 | Create | Villager (Male) |
| 22:05 | Create | Villager (Male) |
| 22:05 | Create | Villager (Male) |
| 22:05 | Create | Villager (Male) |
| 22:05 | Create | Villager (Male) |
| 22:06 | Create | Villager (Male) |
| 22:06 | Create | Villager (Male) |
| 22:06 | Create | Villager (Male) |
| 22:06 | Create | Villager (Male) |
| 22:07 | Create | Villager (Male) |
| 22:25 | Build | University |
| 22:36 | Create | Villager (Male) |
| 22:37 | Create | Villager (Male) |
| 22:38 | Create | Villager (Male) |
| 22:39 | Create | Villager (Male) |
| 23:28 | Research | Forging |
| 23:32 | Research | Scale Barding Armor |
| 23:38 | Create | Villager (Male) |
| 23:39 | Create | Villager (Male) |
| 23:39 | Create | Villager (Male) |
| 23:40 | Create | Villager (Male) |
| 23:40 | Create | Villager (Male) |
| 23:53 | Build | Mining Camp |
| 24:24 | Build | Farm |
| 24:25 | Build | Farm |
| 24:26 | Build | Farm |
| 24:28 | Build | Farm |
| 24:29 | Build | Farm |
| 24:31 | Build | Farm |
| 24:33 | Build | Farm |
| 24:34 | Build | Farm |
| 24:39 | Build | Mill |
| 24:43 | Create | Villager (Male) |
| 24:44 | Create | Villager (Male) |
| 24:44 | Create | Villager (Male) |
| 25:07 | Build | Market |
| 25:13 | Research | Squires |
| 25:23 | Research | Caravan |
| 25:31 | Create | Villager (Male) |
| 26:10 | Build | Farm |
Build order — Sithis
First 150 of 435 actions detected
| 0:01 | Create | Villager (Male) ×4 |
| 0:03 | Build | House |
| 0:04 | Build | House |
| 1:23 | Create | Villager (Male) |
| 2:04 | Create | Villager (Male) |
| 2:08 | Build | Lumber Camp |
| 2:48 | Create | Villager (Male) |
| 3:10 | Create | Villager (Male) |
| 3:12 | Create | Villager (Male) |
| 3:56 | Create | Villager (Male) |
| 4:04 | Build | House |
| 4:25 | Create | Villager (Male) |
| 5:05 | Create | Villager (Male) |
| 5:34 | Create | Villager (Male) |
| 5:34 | Create | Villager (Male) |
| 5:49 | Build | Mill |
| 6:24 | Create | Villager (Male) |
| 6:24 | Create | Villager (Male) |
| 6:25 | Create | Villager (Male) |
| 7:14 | Create | Villager (Male) |
| 7:14 | Create | Villager (Male) |
| 7:15 | Create | Villager (Male) |
| 7:20 | Build | House |
| 7:21 | Build | House |
| 7:38 | Research | Loom |
| 7:38 | Create | Villager (Male) |
| 7:39 | Create | Villager (Male) |
| 7:39 | Create | Villager (Male) |
| 8:41 | Research | Feudal Age |
| 8:51 | Build | Mill |
| 9:21 | Build | Mining Camp |
| 9:57 | Build | Barracks |
| 10:21 | Build | Farm |
| 10:22 | Build | Farm |
| 10:23 | Build | Farm |
| 10:31 | Build | Farm |
| 10:34 | Build | Farm |
| 10:42 | Create | Villager (Male) |
| 10:42 | Create | Villager (Male) |
| 11:03 | Age | Feudal Age |
| 11:04 | Research | Horse Collar |
| 11:08 | Research | Double-Bit Axe |
| 11:59 | Create | Villager (Male) |
| 11:59 | Create | Villager (Male) |
| 12:22 | Build | Farm |
| 12:27 | Create | Villager (Male) |
| 13:02 | Build | Blacksmith |
| 13:48 | Create | Villager (Male) |
| 13:51 | Create | Villager (Male) |
| 14:09 | Build | Market |
| 14:21 | Create | Villager (Male) |
| 15:11 | Research | Castle Age |
| 15:26 | Research | Wheelbarrow |
| 15:39 | Build | Farm |
| 15:39 | Build | Farm |
| 15:39 | Build | Farm |
| 15:39 | Build | Farm |
| 15:46 | Build | Farm |
| 15:54 | Build | Farm |
| 17:12 | Create | Villager (Male) |
| 17:12 | Create | Villager (Male) |
| 17:51 | Age | Castle Age |
| 17:58 | Build | Town Center |
| 18:10 | Build | Town Center |
| 18:15 | Create | Villager (Male) |
| 18:15 | Create | Villager (Male) |
| 18:15 | Create | Villager (Male) |
| 18:26 | Build | House |
| 18:28 | Build | House |
| 18:28 | Build | House |
| 18:48 | Research | Bow Saw |
| 18:53 | Build | House |
| 18:54 | Build | House |
| 19:24 | Create | Villager (Male) |
| 19:24 | Create | Villager (Male) |
| 19:25 | Create | Villager (Male) |
| 19:36 | Create | Villager (Male) ×5 |
| 20:08 | Research | Heavy Plow |
| 20:13 | Create | Villager (Male) |
| 20:13 | Create | Villager (Male) |
| 20:23 | Research | Gold Mining |
| 20:28 | Research | Stone Mining |
| 20:34 | Create | Villager (Male) |
| 20:46 | Build | Farm |
| 20:46 | Build | Farm |
| 20:49 | Build | Farm |
| 21:00 | Build | Farm |
| 21:02 | Build | Farm |
| 21:16 | Create | Villager (Male) ×5 |
| 21:18 | Create | Villager (Male) |
| 21:50 | Research | Tech 1276 |
| 21:54 | Research | Tech 1277 |
| 22:02 | Research | Tech 1275 |
| 22:08 | Research | Hand Cart |
| 22:10 | Create | Villager (Male) |
| 22:18 | Build | Farm |
| 22:19 | Build | Farm |
| 22:23 | Build | Farm |
| 22:44 | Build | Farm |
| 22:44 | Build | Farm |
| 22:45 | Build | Farm |
| 22:46 | Build | Farm |
| 22:47 | Build | Farm |
| 22:51 | Build | Farm |
| 22:56 | Build | Farm |
| 23:00 | Build | Farm |
| 23:06 | Create | Villager (Male) ×5 |
| 23:08 | Create | Villager (Male) ×2 |
| 24:13 | Create | Villager (Male) ×5 |
| 24:15 | Create | Villager (Male) ×5 |
| 24:23 | Build | House |
| 24:24 | Build | House |
| 24:26 | Build | House |
| 24:27 | Build | House |
| 24:28 | Build | House |
| 24:30 | Build | House |
| 24:32 | Build | House |
| 24:34 | Build | House |
| 24:35 | Build | House |
| 24:40 | Build | Lumber Camp |
| 24:49 | Build | Lumber Camp |
| 24:59 | Research | Town Watch |
| 25:06 | Research | Gold Shaft Mining |
| 25:07 | Research | Stone Shaft Mining |
| 25:22 | Build | Lumber Camp |
| 25:32 | Create | Villager (Male) ×5 |
| 25:58 | Build | Town Center |
| 26:13 | Create | Villager (Male) ×5 |
| 26:54 | Research | Town Patrol |
| 27:04 | Build | University |
| 27:19 | Build | Monastery |
| 27:29 | Create | Villager (Male) ×5 |
| 27:30 | Create | Villager (Male) ×5 |
| 27:36 | Build | Farm |
| 27:37 | Build | Farm |
| 27:37 | Build | Farm |
| 27:39 | Build | Farm |
| 27:42 | Build | Farm |
| 27:48 | Build | Farm |
| 27:50 | Build | Farm |
| 27:54 | Build | Farm |
| 27:56 | Build | Farm |
| 27:59 | Build | Farm |
| 28:01 | Build | Farm |
| 28:05 | Build | Farm |
| 28:09 | Create | Monk |
| 28:19 | Create | Monk |
| 28:19 | Create | Monk |
| 28:44 | Research | Fervor |
| 28:55 | Create | Villager (Male) ×5 |
Build order — Player349544673
First 150 of 222 actions detected
| 0:15 | Create | Villager (Male) |
| 0:16 | Create | Villager (Male) |
| 0:16 | Create | Villager (Male) |
| 0:16 | Create | Villager (Male) |
| 0:16 | Create | Villager (Male) |
| 1:29 | Build | House |
| 1:32 | Build | House |
| 3:25 | Create | Villager (Male) |
| 3:25 | Create | Villager (Male) |
| 3:25 | Create | Villager (Male) |
| 3:26 | Create | Villager (Male) |
| 3:43 | Build | Mill |
| 4:41 | Create | Villager (Male) |
| 4:41 | Create | Villager (Male) |
| 5:22 | Build | Lumber Camp |
| 8:51 | Create | Villager (Male) |
| 9:18 | Research | Feudal Age |
| 10:34 | Build | House |
| 10:37 | Build | House |
| 11:33 | Research | Wheelbarrow |
| 11:37 | Research | Horse Collar |
| 11:48 | Research | Double-Bit Axe |
| 11:49 | Research | Double-Bit Axe |
| 11:49 | Research | Double-Bit Axe |
| 12:11 | Build | Mining Camp |
| 12:55 | Create | Villager (Male) |
| 12:57 | Create | Villager (Male) |
| 12:57 | Create | Villager (Male) |
| 12:57 | Create | Villager (Male) |
| 12:57 | Create | Villager (Male) |
| 13:41 | Research | Gold Mining |
| 14:42 | Create | Villager (Male) |
| 14:43 | Create | Villager (Male) |
| 14:43 | Create | Villager (Male) |
| 15:18 | Build | Market |
| 15:47 | Build | Blacksmith |
| 16:41 | Create | Trade Cart |
| 16:56 | Create | Villager (Male) |
| 16:56 | Create | Villager (Male) |
| 16:57 | Create | Villager (Male) |
| 16:59 | Create | Villager (Male) |
| 17:28 | Build | Farm |
| 17:55 | Build | Farm |
| 18:35 | Build | Farm |
| 22:26 | Build | Farm |
| 22:34 | Build | Farm |
| 22:39 | Build | Farm |
| 22:46 | Build | Farm |
| 22:53 | Build | Farm |
| 23:00 | Build | Farm |
| 23:08 | Build | Farm |
| 23:18 | Build | Farm |
| 23:22 | Create | Trade Cart |
| 23:22 | Create | Trade Cart |
| 23:22 | Create | Trade Cart |
| 23:38 | Research | Castle Age |
| 23:38 | Research | Castle Age |
| 26:21 | Research | Hand Cart |
| 26:25 | Research | Heavy Plow |
| 26:43 | Research | Bow Saw |
| 26:52 | Create | Villager (Male) |
| 26:52 | Create | Villager (Male) |
| 26:53 | Create | Villager (Male) |
| 26:53 | Create | Villager (Male) |
| 26:53 | Create | Villager (Male) |
| 26:54 | Create | Villager (Male) |
| 27:55 | Build | Lumber Camp |
| 28:33 | Build | House |
| 28:36 | Build | House |
| 29:47 | Build | Farm |
| 30:09 | Research | Stone Mining |
| 30:22 | Research | Caravan |
| 30:24 | Research | Coinage |
| 30:46 | Build | Stone Wall |
| 31:36 | Build | Barracks |
| 31:45 | Create | Villager (Male) |
| 31:46 | Create | Villager (Male) |
| 31:46 | Create | Villager (Male) |
| 31:46 | Create | Villager (Male) |
| 31:47 | Create | Villager (Male) |
| 32:58 | Build | Archery Range |
| 33:18 | Build | University |
| 33:40 | Build | House |
| 33:42 | Build | House |
| 34:25 | Build | Stable |
| 34:48 | Create | Trade Cart |
| 34:49 | Create | Trade Cart |
| 34:50 | Create | Trade Cart |
| 34:58 | Build | House |
| 35:34 | Build | Stone Wall |
| 35:47 | Build | House |
| 35:51 | Build | House |
| 37:11 | Research | Treadmill Crane |
| 37:41 | Research | Masonry |
| 38:02 | Create | Villager (Male) |
| 38:02 | Create | Villager (Male) |
| 38:02 | Create | Villager (Male) |
| 38:02 | Create | Villager (Male) |
| 38:02 | Create | Villager (Male) |
| 38:02 | Create | Villager (Male) |
| 38:02 | Create | Villager (Male) |
| 38:02 | Create | Villager (Male) |
| 39:17 | Build | Monastery |
| 40:06 | Build | Siege Workshop |
| 40:17 | Research | Gold Shaft Mining |
| 40:49 | Build | Stone Wall |
| 41:50 | Build | Castle |
| 42:02 | Research | Imperial Age |
| 42:14 | Research | Ballistics |
| 42:15 | Research | Guard Tower (upgrade) |
| 42:16 | Research | Fortified Wall (upgrade) |
| 42:17 | Research | Murder Holes |
| 45:08 | Build | Watch Tower |
| 46:23 | Build | Lumber Camp |
| 46:50 | Build | Watch Tower |
| 47:02 | Research | Bombard Tower (upgrade) |
| 47:03 | Research | Arrowslits |
| 47:03 | Research | Keep (upgrade) |
| 47:05 | Research | Architecture |
| 47:06 | Research | Heated Shot |
| 47:12 | Research | Banking |
| 47:12 | Research | Guilds |
| 47:20 | Research | Two-Man Saw |
| 47:26 | Research | Town Watch |
| 47:27 | Research | Loom |
| 47:43 | Research | Conscription |
| 48:34 | Build | Bombard Tower |
| 48:49 | Research | Town Patrol |
| 48:51 | Create | Villager (Male) |
| 48:52 | Create | Villager (Male) |
| 48:53 | Create | Villager (Male) |
| 50:04 | Build | Farm |
| 50:25 | Create | Villager (Male) |
| 50:25 | Create | Villager (Male) |
| 50:25 | Create | Villager (Male) |
| 50:25 | Create | Villager (Male) |
| 51:59 | Build | Farm |
| 52:11 | Build | Farm |
| 52:18 | Build | Farm |
| 52:27 | Build | Farm |
| 52:31 | Create | Villager (Male) |
| 52:32 | Create | Villager (Male) |
| 52:32 | Create | Villager (Male) |
| 52:32 | Create | Villager (Male) |
| 52:33 | Create | Villager (Male) |
| 52:58 | Build | Bombard Tower |
| 53:55 | Build | Farm |
| 54:00 | Build | Farm |
| 54:07 | Build | Farm |
| 54:22 | Build | Farm |
Build order — DerBarra
First 150 of 479 actions detected
| 0:13 | Build | House |
| 0:16 | Build | House |
| 0:49 | Research | Loom |
| 0:50 | Research | Loom |
| 1:32 | Research | Loom |
| 1:39 | Create | Villager (Male) |
| 1:40 | Create | Villager (Male) |
| 1:56 | Create | Villager (Male) |
| 2:12 | Build | Lumber Camp |
| 2:26 | Create | Villager (Male) |
| 2:47 | Create | Villager (Male) |
| 2:58 | Create | Villager (Male) |
| 4:08 | Create | Villager (Male) |
| 4:08 | Create | Villager (Male) |
| 4:40 | Build | Mill |
| 5:06 | Create | Villager (Male) |
| 5:06 | Create | Villager (Male) |
| 6:02 | Create | Villager (Male) |
| 6:03 | Create | Villager (Male) |
| 6:12 | Build | Lumber Camp |
| 6:56 | Create | Villager (Male) |
| 7:09 | Create | Villager (Male) |
| 7:28 | Create | Villager (Male) |
| 7:28 | Create | Villager (Male) |
| 7:29 | Create | Villager (Male) |
| 7:30 | Create | Villager (Male) |
| 7:30 | Create | Villager (Male) |
| 8:25 | Build | Farm |
| 8:29 | Create | Villager (Male) |
| 8:29 | Create | Villager (Male) |
| 9:27 | Build | Farm |
| 9:46 | Build | Mining Camp |
| 10:33 | Research | Feudal Age |
| 10:46 | Build | Farm |
| 10:46 | Build | Farm |
| 10:46 | Build | Farm |
| 10:46 | Build | Farm |
| 10:47 | Build | Farm |
| 10:47 | Build | Farm |
| 11:42 | Build | House |
| 12:39 | Build | Barracks |
| 12:43 | Age | Feudal Age |
| 12:53 | Build | Market |
| 13:32 | Create | Villager (Male) |
| 13:53 | Build | Blacksmith |
| 14:20 | Research | Castle Age |
| 14:35 | Build | Mining Camp |
| 15:18 | Research | Wheelbarrow |
| 15:18 | Research | Loom |
| 15:19 | Research | Town Watch |
| 15:33 | Research | Horse Collar |
| 15:49 | Research | Double-Bit Axe |
| 16:16 | Build | Farm |
| 16:20 | Build | Farm |
| 16:24 | Build | Farm |
| 17:00 | Age | Castle Age |
| 17:01 | Create | Villager (Male) |
| 17:01 | Create | Villager (Male) |
| 17:01 | Create | Villager (Male) |
| 17:01 | Create | Villager (Male) |
| 17:02 | Create | Villager (Male) |
| 17:02 | Create | Villager (Male) |
| 17:24 | Build | Farm |
| 17:45 | Build | Town Center |
| 18:15 | Create | Villager (Male) |
| 18:18 | Research | Bow Saw |
| 18:33 | Research | Heavy Plow |
| 18:44 | Build | House |
| 18:52 | Build | House |
| 19:54 | Create | Villager (Male) |
| 19:56 | Create | Villager (Male) |
| 19:56 | Create | Villager (Male) |
| 19:56 | Create | Villager (Male) |
| 19:57 | Create | Villager (Male) |
| 20:11 | Create | Villager (Male) |
| 20:12 | Create | Villager (Male) |
| 20:12 | Create | Villager (Male) |
| 20:30 | Build | Town Center |
| 20:55 | Research | Gold Mining |
| 20:55 | Research | Stone Mining |
| 21:20 | Create | Villager (Male) |
| 22:13 | Build | Lumber Camp |
| 22:30 | Build | Monastery |
| 22:57 | Build | Lumber Camp |
| 23:21 | Build | University |
| 23:39 | Create | Villager (Male) |
| 23:40 | Create | Villager (Male) |
| 23:40 | Create | Villager (Male) |
| 23:40 | Create | Villager (Male) |
| 23:41 | Create | Villager (Male) |
| 23:44 | Create | Villager (Male) |
| 23:44 | Create | Villager (Male) |
| 23:44 | Create | Villager (Male) |
| 23:45 | Create | Villager (Male) |
| 23:58 | Research | Loom |
| 23:58 | Research | Hand Cart |
| 23:58 | Research | Town Watch |
| 24:03 | Create | Villager (Male) |
| 24:19 | Build | Farm |
| 24:19 | Build | Farm |
| 24:20 | Build | Farm |
| 25:02 | Build | House |
| 25:05 | Build | House |
| 25:40 | Create | Villager (Male) |
| 25:40 | Create | Villager (Male) |
| 25:42 | Create | Villager (Male) |
| 25:42 | Create | Villager (Male) |
| 25:43 | Create | Villager (Male) |
| 26:21 | Build | Farm |
| 26:21 | Build | Farm |
| 26:21 | Build | Farm |
| 26:21 | Build | Farm |
| 26:21 | Build | Farm |
| 26:22 | Build | Farm |
| 26:22 | Build | Farm |
| 26:42 | Create | Villager (Male) |
| 26:42 | Create | Villager (Male) |
| 26:42 | Create | Villager (Male) |
| 26:43 | Create | Villager (Male) |
| 26:44 | Create | Villager (Male) |
| 26:46 | Create | Villager (Male) |
| 26:46 | Create | Villager (Male) |
| 26:47 | Create | Villager (Male) |
| 26:48 | Create | Villager (Male) |
| 27:18 | Research | Town Patrol |
| 28:17 | Build | Castle |
| 29:57 | Build | Farm |
| 30:29 | Build | Farm |
| 30:29 | Build | Farm |
| 30:31 | Build | Farm |
| 30:55 | Create | Villager (Male) |
| 30:55 | Create | Villager (Male) |
| 30:55 | Create | Villager (Male) |
| 30:56 | Create | Villager (Male) |
| 31:00 | Research | Imperial Age |
| 31:03 | Create | Chu Ko Nu |
| 31:03 | Create | Chu Ko Nu |
| 31:04 | Create | Chu Ko Nu |
| 31:04 | Create | Chu Ko Nu |
| 31:04 | Create | Chu Ko Nu |
| 31:04 | Create | Chu Ko Nu |
| 31:04 | Create | Chu Ko Nu |
| 31:05 | Create | Chu Ko Nu |
| 31:05 | Create | Chu Ko Nu |
| 31:05 | Create | Chu Ko Nu |
| 31:05 | Create | Chu Ko Nu |
| 31:06 | Create | Chu Ko Nu |
| 31:06 | Create | Chu Ko Nu |
| 31:06 | Create | Chu Ko Nu |
| 31:06 | Create | Chu Ko Nu |
Build order — SeseRex
First 150 of 509 actions detected
| 0:16 | Build | House |
| 0:18 | Create | Villager (Male) |
| 0:18 | Create | Villager (Male) |
| 0:39 | Create | Villager (Male) |
| 1:27 | Create | Villager (Male) |
| 1:45 | Create | Villager (Male) |
| 2:26 | Create | Villager (Male) |
| 2:31 | Build | House |
| 2:56 | Create | Villager (Male) |
| 4:10 | Create | Villager (Male) |
| 4:10 | Create | Villager (Male) |
| 4:11 | Create | Villager (Male) |
| 4:11 | Create | Villager (Male) |
| 4:39 | Build | Lumber Camp |
| 5:06 | Build | House |
| 5:18 | Build | Mill |
| 6:19 | Create | Villager (Male) |
| 6:19 | Create | Villager (Male) |
| 7:05 | Create | Villager (Male) |
| 7:05 | Create | Villager (Male) |
| 7:40 | Create | Villager (Male) |
| 7:40 | Create | Villager (Male) |
| 7:40 | Create | Villager (Male) |
| 8:30 | Build | Farm |
| 8:51 | Build | House |
| 9:19 | Build | Farm |
| 9:26 | Research | Feudal Age |
| 9:46 | Build | Mining Camp |
| 9:59 | Build | House |
| 10:14 | Build | Farm |
| 10:21 | Build | Farm |
| 10:58 | Build | Farm |
| 11:10 | Build | House |
| 11:16 | Create | Villager (Male) |
| 11:16 | Create | Villager (Male) |
| 11:16 | Create | Villager (Male) |
| 11:17 | Create | Villager (Male) |
| 11:17 | Create | Villager (Male) |
| 11:50 | Age | Feudal Age |
| 11:52 | Research | Double-Bit Axe |
| 11:56 | Research | Horse Collar |
| 12:03 | Build | Farm |
| 12:26 | Create | Villager (Male) |
| 12:26 | Create | Villager (Male) |
| 12:35 | Build | House |
| 12:52 | Build | Market |
| 13:09 | Build | Farm |
| 13:23 | Build | Mining Camp |
| 13:46 | Create | Villager (Male) |
| 13:47 | Create | Villager (Male) |
| 13:55 | Research | Wheelbarrow |
| 14:05 | Research | Wheelbarrow |
| 14:21 | Build | Blacksmith |
| 14:49 | Create | Villager (Male) |
| 14:51 | Create | Villager (Male) |
| 15:01 | Build | Farm |
| 15:02 | Build | Farm |
| 15:17 | Build | Farm |
| 15:52 | Build | Mill |
| 16:02 | Build | Farm |
| 16:03 | Build | Farm |
| 16:17 | Build | Farm |
| 16:19 | Build | Farm |
| 16:23 | Create | Villager (Male) |
| 16:24 | Create | Villager (Male) |
| 16:53 | Create | Trade Cart |
| 17:27 | Create | Villager (Male) |
| 17:45 | Build | Farm |
| 17:59 | Create | Villager (Male) |
| 18:42 | Research | Castle Age |
| 18:58 | Research | Stone Mining |
| 19:49 | Research | Gold Mining |
| 20:11 | Research | Forging |
| 20:12 | Research | Scale Barding Armor |
| 20:16 | Research | Scale Mail Armor |
| 20:30 | Build | House |
| 20:32 | Build | House |
| 21:04 | Build | Farm |
| 21:05 | Build | Farm |
| 21:06 | Build | Farm |
| 21:07 | Build | Farm |
| 21:21 | Build | House |
| 21:22 | Build | House |
| 21:23 | Build | House |
| 21:24 | Build | House |
| 21:24 | Age | Castle Age |
| 21:28 | Research | Bow Saw |
| 22:01 | Build | Castle |
| 22:12 | Create | Villager (Male) |
| 22:12 | Create | Villager (Male) |
| 22:13 | Create | Villager (Male) |
| 22:13 | Create | Villager (Male) |
| 22:13 | Create | Villager (Male) |
| 22:13 | Create | Villager (Male) |
| 22:28 | Build | Farm |
| 22:43 | Create | Villager (Male) |
| 22:43 | Create | Villager (Male) |
| 22:44 | Create | Villager (Male) |
| 23:21 | Build | Lumber Camp |
| 23:36 | Build | Farm |
| 24:13 | Create | Villager (Male) |
| 24:13 | Create | Villager (Male) |
| 24:14 | Create | Villager (Male) |
| 24:14 | Create | Villager (Male) |
| 24:57 | Build | Town Center |
| 25:06 | Create | Villager (Male) |
| 25:06 | Create | Villager (Male) |
| 25:06 | Create | Villager (Male) |
| 25:50 | Create | Villager (Male) |
| 25:50 | Create | Villager (Male) |
| 25:51 | Create | Villager (Male) |
| 25:51 | Create | Villager (Male) |
| 25:51 | Create | Villager (Male) |
| 25:51 | Create | Villager (Male) |
| 25:52 | Create | Villager (Male) |
| 25:52 | Create | Villager (Male) |
| 25:59 | Create | Villager (Male) |
| 25:59 | Create | Villager (Male) |
| 26:08 | Create | Trade Cart |
| 26:08 | Create | Trade Cart |
| 26:57 | Build | University |
| 27:19 | Create | Villager (Male) |
| 27:21 | Research | Hand Cart |
| 27:32 | Create | Villager (Male) |
| 27:33 | Create | Villager (Male) |
| 28:02 | Build | Barracks |
| 28:18 | Build | Farm |
| 28:38 | Build | Mining Camp |
| 29:10 | Build | Watch Tower |
| 29:36 | Build | Siege Workshop |
| 29:37 | Build | Siege Workshop |
| 29:39 | Build | Siege Workshop |
| 29:51 | Research | Imperial Age |
| 30:01 | Research | Hand Cart |
| 30:12 | Research | Gold Shaft Mining |
| 31:07 | Research | Ballistics |
| 31:28 | Build | House |
| 31:29 | Build | House |
| 31:30 | Build | House |
| 31:32 | Build | House |
| 31:55 | Create | Villager (Male) |
| 31:55 | Create | Villager (Male) |
| 31:56 | Create | Villager (Male) |
| 31:56 | Create | Villager (Male) |
| 31:56 | Create | Villager (Male) |
| 32:15 | Build | Stable |
| 32:17 | Build | Stable |
| 32:19 | Build | Stable |
| 32:20 | Build | Stable |
| 32:25 | Create | Scorpion |
Build order — kaspian
First 150 of 434 actions detected
| 0:05 | Create | Villager (Male) |
| 0:05 | Create | Villager (Male) |
| 0:05 | Create | Villager (Male) |
| 0:46 | Build | House |
| 1:05 | Build | Mill |
| 1:28 | Build | Mill |
| 2:03 | Build | House |
| 2:17 | Create | Villager (Male) |
| 2:17 | Create | Villager (Male) |
| 2:38 | Create | Villager (Male) |
| 3:40 | Create | Villager (Male) |
| 3:56 | Build | Lumber Camp |
| 4:14 | Create | Villager (Male) |
| 4:33 | Create | Villager (Male) |
| 5:01 | Create | Villager (Male) |
| 5:13 | Build | House |
| 5:32 | Build | House |
| 5:40 | Create | Villager (Male) |
| 6:05 | Build | Mining Camp |
| 6:11 | Create | Villager (Male) |
| 6:51 | Create | Villager (Male) |
| 6:52 | Create | Villager (Male) |
| 7:59 | Create | Villager (Male) |
| 8:47 | Create | Villager (Male) |
| 8:48 | Create | Villager (Male) |
| 10:27 | Create | Villager (Male) |
| 10:47 | Research | Feudal Age |
| 11:35 | Build | Barracks |
| 12:29 | Build | Barracks |
| 12:38 | Build | House |
| 12:43 | Research | Loom |
| 12:50 | Age | Feudal Age |
| 13:03 | Build | Farm |
| 13:09 | Build | Farm |
| 13:18 | Build | Farm |
| 13:27 | Build | Farm |
| 13:59 | Create | Militia |
| 14:00 | Create | Militia |
| 14:00 | Create | Militia |
| 14:01 | Create | Militia |
| 14:01 | Create | Militia |
| 14:05 | Create | Militia |
| 14:06 | Create | Militia |
| 14:06 | Create | Militia |
| 14:45 | Research | Double-Bit Axe |
| 14:59 | Create | Villager (Male) |
| 15:18 | Create | Villager (Male) |
| 15:18 | Create | Villager (Male) |
| 16:02 | Build | House |
| 16:08 | Research | Man-at-Arms (upgrade) |
| 16:17 | Research | Horse Collar |
| 16:39 | Build | Lumber Camp |
| 16:50 | Build | House |
| 17:08 | Create | Villager (Male) |
| 17:31 | Create | Villager (Male) |
| 17:51 | Build | Mining Camp |
| 17:53 | Create | Villager (Male) |
| 18:09 | Create | Villager (Male) |
| 18:10 | Create | Villager (Male) |
| 18:19 | Build | House |
| 18:37 | Create | Villager (Male) |
| 19:00 | Build | Blacksmith |
| 19:18 | Build | Market |
| 19:35 | Build | Watch Tower |
| 19:41 | Research | Gold Mining |
| 20:03 | Build | Farm |
| 20:11 | Create | Villager (Male) |
| 20:58 | Build | House |
| 21:07 | Build | House |
| 21:38 | Build | Archery Range |
| 21:52 | Build | House |
| 22:00 | Build | House |
| 22:07 | Research | Wheelbarrow |
| 22:28 | Build | Watch Tower |
| 22:34 | Create | Trade Cart |
| 22:39 | Create | Villager (Male) |
| 24:26 | Build | House |
| 24:34 | Build | House |
| 24:49 | Build | House |
| 25:06 | Build | Farm |
| 25:17 | Research | Castle Age |
| 25:35 | Build | Farm |
| 25:48 | Build | Farm |
| 25:58 | Build | Farm |
| 26:46 | Research | Forging |
| 26:47 | Research | Scale Mail Armor |
| 26:51 | Research | Fletching |
| 26:56 | Create | Archer |
| 26:57 | Create | Archer |
| 26:58 | Create | Archer |
| 26:58 | Create | Archer |
| 26:59 | Create | Archer |
| 26:59 | Create | Archer |
| 26:59 | Create | Archer |
| 27:09 | Create | Trade Cart |
| 27:31 | Build | Farm |
| 27:42 | Age | Castle Age |
| 28:04 | Research | Hand Cart |
| 28:34 | Build | Farm |
| 28:46 | Build | Farm |
| 28:52 | Create | Villager (Male) |
| 29:03 | Create | Trade Cart |
| 29:57 | Build | University |
| 30:15 | Build | Monastery |
| 30:21 | Research | Crossbowman (upgrade) |
| 30:25 | Research | Bodkin Arrow |
| 30:57 | Research | Caravan |
| 31:07 | Create | Villager (Male) |
| 31:07 | Create | Villager (Male) |
| 31:08 | Create | Villager (Male) |
| 31:38 | Build | Mill |
| 31:45 | Create | Villager (Male) |
| 32:06 | Research | Chain Mail Armor |
| 32:14 | Research | Gambesons |
| 32:33 | Build | Farm |
| 32:41 | Build | Farm |
| 32:51 | Build | Farm |
| 32:54 | Research | Heavy Plow |
| 33:28 | Research | Bow Saw |
| 33:43 | Create | Villager (Male) |
| 33:43 | Create | Villager (Male) |
| 34:10 | Build | Farm |
| 34:26 | Build | Farm |
| 35:23 | Build | Lumber Camp |
| 35:27 | Create | Villager (Male) |
| 36:35 | Research | Coinage |
| 37:22 | Research | Imperial Age |
| 37:43 | Build | Stable |
| 38:00 | Build | Castle |
| 38:14 | Create | Villager (Male) |
| 38:15 | Create | Villager (Male) |
| 38:28 | Research | Stone Mining |
| 38:39 | Research | Gold Shaft Mining |
| 38:44 | Research | Light Cavalry (upgrade) |
| 38:48 | Research | Padded Archer Armor |
| 39:49 | Create | Archer |
| 39:50 | Create | Archer |
| 39:56 | Create | Villager (Male) |
| 39:57 | Create | Villager (Male) |
| 39:57 | Create | Villager (Male) |
| 40:01 | Create | Trade Cart |
| 40:08 | Age | Imperial Age |
| 40:12 | Research | Banking |
| 40:21 | Research | Ballistics |
| 40:31 | Create | Villager (Male) |
| 40:31 | Create | Villager (Male) |
| 40:37 | Create | Trade Cart |
| 41:13 | Research | Town Watch |
| 41:14 | Create | Villager (Male) |
| 41:15 | Create | Villager (Male) |
Build order — kairozedu
First 150 of 274 actions detected
| 0:07 | Build | House |
| 0:13 | Build | House |
| 0:25 | Create | Villager (Male) |
| 0:25 | Create | Villager (Male) |
| 0:26 | Create | Villager (Male) |
| 0:40 | Create | Villager (Male) |
| 0:41 | Create | Villager (Male) |
| 1:22 | Create | Villager (Male) |
| 1:22 | Create | Villager (Male) |
| 2:22 | Build | House |
| 2:24 | Build | House |
| 2:34 | Create | Villager (Male) |
| 2:34 | Create | Villager (Male) |
| 2:35 | Create | Villager (Male) |
| 3:11 | Create | Villager (Male) |
| 4:19 | Research | Loom |
| 4:19 | Research | Loom |
| 4:45 | Create | Villager (Male) |
| 4:45 | Create | Villager (Male) |
| 4:59 | Build | House |
| 5:30 | Build | Lumber Camp |
| 5:48 | Build | Mill |
| 6:06 | Create | Villager (Male) |
| 6:07 | Create | Villager (Male) |
| 6:07 | Create | Villager (Male) |
| 6:08 | Create | Villager (Male) |
| 6:54 | Create | Villager (Male) |
| 7:46 | Create | Villager (Male) |
| 8:03 | Build | Barracks |
| 8:56 | Build | Mining Camp |
| 9:12 | Build | Palisade Wall |
| 9:41 | Create | Villager (Male) |
| 10:06 | Research | Feudal Age |
| 11:35 | Build | Lumber Camp |
| 12:01 | Build | Mining Camp |
| 12:16 | Age | Feudal Age |
| 12:21 | Research | Wheelbarrow |
| 12:24 | Research | Horse Collar |
| 12:36 | Create | Villager (Male) |
| 12:38 | Create | Villager (Male) |
| 12:39 | Create | Villager (Male) |
| 12:53 | Research | Double-Bit Axe |
| 14:17 | Build | Blacksmith |
| 14:32 | Create | Villager (Male) |
| 14:48 | Build | Lumber Camp |
| 14:53 | Create | Villager (Male) |
| 15:28 | Build | Market |
| 15:48 | Build | Farm |
| 15:48 | Build | Farm |
| 15:48 | Build | Farm |
| 15:48 | Build | Farm |
| 15:49 | Build | Farm |
| 15:49 | Build | Farm |
| 15:49 | Build | Farm |
| 15:53 | Create | Villager (Male) |
| 15:54 | Create | Villager (Male) |
| 16:16 | Build | Farm |
| 16:17 | Build | Farm |
| 16:17 | Build | Farm |
| 16:31 | Build | Farm |
| 16:31 | Build | Farm |
| 16:32 | Build | Farm |
| 16:34 | Build | Farm |
| 16:37 | Build | Farm |
| 16:38 | Build | Farm |
| 16:38 | Build | Farm |
| 16:39 | Create | Villager (Male) |
| 16:42 | Create | Villager (Male) |
| 16:50 | Build | Farm |
| 16:50 | Build | Farm |
| 16:50 | Build | Farm |
| 16:59 | Create | Villager (Male) |
| 17:07 | Build | Farm |
| 17:08 | Build | Farm |
| 17:10 | Build | Farm |
| 17:12 | Build | Farm |
| 17:15 | Build | Farm |
| 17:17 | Build | Farm |
| 17:21 | Build | Farm |
| 17:23 | Build | Farm |
| 17:24 | Build | Farm |
| 17:25 | Build | Farm |
| 17:26 | Build | Farm |
| 17:42 | Build | Farm |
| 17:46 | Build | Farm |
| 17:48 | Build | Farm |
| 17:49 | Build | Farm |
| 17:50 | Build | Farm |
| 17:51 | Build | Farm |
| 17:51 | Build | Farm |
| 17:51 | Build | Farm |
| 17:52 | Build | Farm |
| 17:52 | Build | Farm |
| 17:52 | Build | Farm |
| 17:53 | Build | Farm |
| 17:53 | Build | Farm |
| 18:20 | Create | Trade Cart |
| 18:29 | Build | House |
| 18:31 | Build | House |
| 18:35 | Create | Villager (Male) |
| 18:38 | Create | Villager (Male) |
| 18:38 | Create | Villager (Male) |
| 18:44 | Build | House |
| 18:46 | Build | House |
| 18:48 | Build | House |
| 19:25 | Build | House |
| 19:26 | Build | House |
| 19:31 | Build | House |
| 19:33 | Build | House |
| 19:36 | Build | House |
| 19:40 | Build | House |
| 19:46 | Create | Villager (Male) |
| 19:48 | Research | Castle Age |
| 20:09 | Build | Lumber Camp |
| 21:03 | Create | Trade Cart ×4 |
| 21:11 | Build | House |
| 21:13 | Build | House |
| 21:15 | Build | House |
| 21:27 | Build | Palisade Wall |
| 21:36 | Create | Villager (Male) |
| 21:44 | Research | Gold Mining |
| 21:51 | Research | Scale Barding Armor |
| 21:53 | Research | Forging |
| 22:40 | Create | Villager (Male) |
| 22:47 | Age | Castle Age |
| 22:57 | Build | Town Center |
| 23:09 | Research | Hand Cart |
| 23:13 | Create | Villager (Male) |
| 23:13 | Create | Villager (Male) |
| 23:14 | Create | Villager (Male) |
| 23:14 | Create | Villager (Male) |
| 23:15 | Create | Villager (Male) |
| 23:15 | Create | Villager (Male) |
| 24:07 | Build | Town Center |
| 24:39 | Create | Villager (Male) ×5 |
| 25:22 | Create | Villager (Male) ×5 |
| 25:32 | Build | Farm |
| 25:33 | Build | Farm |
| 25:33 | Build | Farm |
| 25:33 | Build | Farm |
| 25:33 | Build | Farm |
| 25:34 | Build | Farm |
| 25:34 | Build | Farm |
| 25:34 | Build | Farm |
| 25:34 | Build | Farm |
| 25:35 | Build | Farm |
| 25:35 | Build | Farm |
| 25:35 | Build | Farm |
| 25:36 | Build | Farm |
| 25:36 | Build | Farm |
Build order — M3tr0d0r117s
First 150 of 326 actions detected
| 0:05 | Build | House |
| 0:07 | Build | House |
| 0:08 | Create | Villager (Male) |
| 0:09 | Create | Villager (Male) |
| 0:09 | Create | Villager (Male) |
| 0:09 | Create | Villager (Male) |
| 0:09 | Create | Villager (Male) |
| 1:36 | Create | Villager (Male) |
| 1:59 | Build | Mill |
| 2:12 | Create | Villager (Male) |
| 2:33 | Create | Villager (Male) |
| 2:58 | Create | Villager (Male) |
| 3:17 | Create | Villager (Male) |
| 3:56 | Create | Villager (Male) |
| 3:56 | Create | Villager (Male) |
| 3:56 | Create | Villager (Male) |
| 3:56 | Create | Villager (Male) |
| 4:14 | Build | House |
| 4:22 | Create | Villager (Male) |
| 4:59 | Create | Villager (Male) |
| 5:00 | Create | Villager (Male) |
| 6:17 | Build | House |
| 6:28 | Research | Loom |
| 6:53 | Build | Barracks |
| 7:32 | Research | Feudal Age |
| 9:18 | Build | House |
| 9:24 | Build | Mining Camp |
| 9:42 | Age | Feudal Age |
| 9:55 | Build | Stable |
| 10:05 | Create | Villager (Male) |
| 10:05 | Create | Villager (Male) |
| 10:06 | Create | Villager (Male) |
| 10:06 | Create | Villager (Male) |
| 10:06 | Create | Villager (Male) |
| 10:06 | Create | Villager (Male) |
| 11:31 | Research | Wheelbarrow |
| 12:10 | Create | Villager (Male) ×5 |
| 12:42 | Build | Lumber Camp |
| 13:51 | Create | Camel Scout ×5 |
| 13:52 | Create | Camel Scout |
| 14:25 | Build | Farm |
| 14:39 | Create | Villager (Male) |
| 14:39 | Create | Villager (Male) |
| 14:51 | Build | House |
| 14:52 | Build | House |
| 15:25 | Build | Market |
| 16:29 | Build | Lumber Camp |
| 16:35 | Create | Villager (Male) ×5 |
| 16:45 | Build | House |
| 16:46 | Build | House |
| 16:47 | Build | House |
| 16:54 | Build | Farm |
| 17:25 | Build | Farm |
| 17:36 | Build | Farm |
| 17:59 | Build | Mining Camp |
| 18:05 | Build | Farm |
| 18:37 | Build | Farm |
| 18:46 | Build | Farm |
| 19:10 | Build | Farm |
| 20:00 | Research | Castle Age |
| 20:47 | Build | Blacksmith |
| 20:56 | Build | Archery Range |
| 21:06 | Research | Double-Bit Axe |
| 21:11 | Research | Horse Collar |
| 21:15 | Create | Villager (Male) |
| 21:17 | Create | Villager (Male) |
| 21:34 | Create | Villager (Male) |
| 22:15 | Create | Trade Cart |
| 22:16 | Create | Trade Cart |
| 22:17 | Create | Trade Cart |
| 22:18 | Create | Trade Cart |
| 22:18 | Create | Trade Cart |
| 22:18 | Create | Trade Cart |
| 22:18 | Create | Trade Cart |
| 22:18 | Create | Trade Cart |
| 22:40 | Age | Castle Age |
| 22:57 | Build | Castle |
| 23:07 | Research | Hand Cart |
| 23:13 | Build | Farm |
| 23:32 | Create | Villager (Male) |
| 23:33 | Create | Villager (Male) |
| 23:59 | Create | Villager (Male) |
| 24:04 | Build | Farm |
| 24:38 | Research | Bow Saw |
| 24:42 | Create | Villager (Male) |
| 24:42 | Create | Villager (Male) |
| 25:17 | Research | Scale Mail Armor |
| 25:42 | Build | Mining Camp |
| 25:48 | Build | Farm |
| 25:49 | Build | Farm |
| 25:54 | Create | Villager (Male) ×3 |
| 26:09 | Create | Trade Cart |
| 26:09 | Create | Trade Cart |
| 26:21 | Research | Forging |
| 26:30 | Build | University |
| 26:36 | Build | Monastery |
| 26:46 | Build | Farm |
| 26:51 | Research | Heavy Plow |
| 27:07 | Research | Caravan |
| 27:28 | Create | Chakram Thrower |
| 27:28 | Create | Chakram Thrower |
| 27:53 | Build | Town Center |
| 28:05 | Build | Farm |
| 30:04 | Build | Stone Wall |
| 30:30 | Create | Monk |
| 30:30 | Create | Monk |
| 30:35 | Research | Imperial Age |
| 30:39 | Create | Villager (Male) ×5 |
| 32:10 | Create | Camel Scout ×5 |
| 32:11 | Create | Camel Scout ×5 |
| 32:32 | Build | Lumber Camp |
| 32:43 | Build | Mining Camp |
| 33:24 | Build | Town Center |
| 33:45 | Age | Imperial Age |
| 35:06 | Create | Camel Scout ×5 |
| 35:06 | Create | Camel Scout ×5 |
| 35:06 | Create | Camel Scout ×5 |
| 35:06 | Create | Camel Scout ×4 |
| 36:00 | Build | Farm |
| 36:05 | Build | Town Center |
| 36:11 | Build | Farm |
| 36:13 | Build | Farm |
| 36:22 | Build | Farm |
| 36:58 | Build | House |
| 36:58 | Build | House |
| 36:59 | Build | House |
| 37:03 | Create | Elephant Archer ×5 |
| 37:03 | Create | Elephant Archer ×5 |
| 37:04 | Create | Elephant Archer ×5 |
| 37:04 | Create | Elephant Archer ×5 |
| 38:43 | Create | Monk |
| 38:43 | Create | Monk |
| 38:43 | Create | Monk |
| 38:49 | Build | Farm |
| 39:16 | Build | Mining Camp |
| 39:21 | Build | Town Center |
| 40:08 | Create | Monk |
| 40:09 | Create | Monk |
| 41:32 | Build | House |
| 41:33 | Build | House |
| 41:33 | Build | House |
| 41:33 | Build | House |
| 41:33 | Build | House |
| 41:34 | Build | House |
| 41:34 | Build | House |
| 41:34 | Build | House |
| 41:34 | Build | House |
| 41:52 | Build | Castle |
| 44:07 | Research | Fervor |
| 44:11 | Create | Monk |
Match timeline
| 6:53 | M3tr0d0r117s · first_building Barracks |
| 8:03 | kairozedu · first_building Barracks |
| 9:12 | kairozedu · wall_segment Palisade Wall x9 |
| 9:42 | M3tr0d0r117s · age_up feudal |
| 9:55 | M3tr0d0r117s · first_building Stable |
| 9:57 | Sithis · first_building Barracks |
| 11:03 | Sithis · age_up feudal |
| 11:35 | kaspian · first_building Barracks |
| 11:50 | SeseRex · age_up feudal |
| 12:16 | kairozedu · age_up feudal |
| 12:39 | DerBarra · first_building Barracks |
| 12:43 | DerBarra · age_up feudal |
| 12:50 | kaspian · age_up feudal |
| 13:52 | TEJA · age_up feudal |
| 16:27 | TEJA · first_market_sell 100 food |
| 17:00 | DerBarra · age_up castle |
| 17:34 | Sithis · first_market_buy 100 wood |
| 17:51 | Sithis · age_up castle |
| 18:53 | M3tr0d0r117s · first_market_buy 100 food |
| 19:30 | TEJA · age_up castle |
| 20:13 | TEJA · first_building Castle |
| 20:56 | M3tr0d0r117s · first_building Archery Range |
| 21:24 | SeseRex · age_up castle |
| 21:27 | kairozedu · wall_segment Palisade Wall x28 |
| 21:38 | kaspian · first_building Archery Range |
| 21:45 | SeseRex · first_market_sell 100 wood |
| 21:47 | SeseRex · first_market_buy 100 stone |
| 21:54 | TEJA · first_building Barracks |
| 22:01 | SeseRex · first_building Castle |
| 22:30 | DerBarra · first_building Monastery |
| 22:40 | M3tr0d0r117s · age_up castle |
| 22:47 | kairozedu · age_up castle |
| 22:57 | M3tr0d0r117s · first_building Castle |
| 23:08 | kaspian · first_market_buy 100 food |
| 26:12 | kairozedu · first_building Monastery |
| 26:36 | M3tr0d0r117s · first_building Monastery |
| 26:36 | kairozedu · first_building Stable |
| 27:19 | Sithis · first_building Monastery |
| 27:42 | kaspian · age_up castle |
| 28:02 | SeseRex · first_building Barracks |
| 28:17 | DerBarra · first_building Castle |
| 29:36 | SeseRex · first_building Siege Workshop |
| 29:52 | Sithis · first_market_sell 500 wood |
| 30:04 | M3tr0d0r117s · wall_segment Stone Wall x1 |
| 30:15 | kaspian · first_building Monastery |
| 30:46 | Player349544673 · wall_segment Stone Wall x21 |
| 31:09 | TEJA · age_up imperial |
| 31:36 | Player349544673 · first_building Barracks |
| 31:54 | Sithis · first_building Castle |
| 31:54 | DerBarra · first_building Siege Workshop |
| 32:15 | SeseRex · first_building Stable |
| 32:58 | Player349544673 · first_building Archery Range |
| 33:05 | SeseRex · age_up imperial |
| 33:45 | M3tr0d0r117s · age_up imperial |
| 33:48 | kairozedu · first_building Siege Workshop |
| 34:10 | DerBarra · age_up imperial |
| 34:18 | TEJA · first_building Stable |
| 34:25 | Player349544673 · first_building Stable |
| 35:32 | Sithis · age_up imperial |
| 35:34 | Player349544673 · wall_segment Stone Wall x16 |
| 35:43 | kairozedu · first_building Castle |
| 37:16 | kaspian · first_market_sell 100 stone |
| 37:25 | TEJA · wall_segment Stone Wall x32 |
| 37:43 | kaspian · first_building Stable |
| 38:00 | kaspian · first_building Castle |
| 38:22 | kairozedu · age_up imperial |
| 39:17 | Player349544673 · first_building Monastery |
| 39:31 | SeseRex · wall_segment Stone Wall x13 |
| 39:31 | SeseRex · wall_segment Stone Wall x1 |
| 40:06 | Player349544673 · first_building Siege Workshop |
| 40:08 | kaspian · age_up imperial |
| 40:49 | Player349544673 · wall_segment Stone Wall x17 |
| 41:39 | TEJA · wall_segment Stone Wall x39 |
| 41:50 | Player349544673 · first_building Castle |
| 43:28 | SeseRex · wall_segment Stone Wall x11 |
| 45:01 | kairozedu · resign |
| 45:46 | M3tr0d0r117s · first_building Siege Workshop |
| 49:08 | Sithis · first_building Stable |
| 49:17 | Sithis · first_building Archery Range |
| 49:20 | Sithis · first_building Siege Workshop |
| 50:41 | TEJA · first_building Monastery |
| 59:53 | DerBarra · wall_segment Stone Wall x12 |
| 64:08 | TEJA · first_building Archery Range |
| 64:18 | Player349544673 · wall_segment Stone Wall x1 |
| 64:50 | Player349544673 · wall_segment Stone Wall x3 |
| 65:34 | Player349544673 · wall_segment Stone Wall x1 |
| 65:56 | Player349544673 · wall_segment Stone Wall x1 |
| 66:43 | Player349544673 · wall_segment Stone Wall x3 |
| 68:04 | TEJA · wall_segment Stone Wall x3 |
| 70:13 | SeseRex · first_building Archery Range |
| 74:55 | M3tr0d0r117s · first_market_sell 500 wood |
| 90:03 | Sithis · tribute_sent a jugador 2 |
| 90:03 | Sithis · tribute_sent a jugador 3 |
| 90:03 | Sithis · tribute_sent a jugador 4 |
| 90:03 | Sithis · tribute_sent a jugador 5 |
| 90:03 | Sithis · tribute_sent a jugador 6 |
| 90:03 | Sithis · tribute_sent a jugador 7 |
| 90:03 | Sithis · tribute_sent a jugador 8 |
[ AI ANALYSIS · 1 CREDIT ]
What really happened in this match?
Wolo.gg analyzes every decision: build order, eco, micro, common mistakes by bracket. Personalized analysis on WhatsApp or Discord in 30 seconds.
Civ guide
Lithuanians
Perfil
Jugador #424700